Map: Lerilak Crest

Players

LilDicky

  • Race: Terran Terran
  • League: Diamond

KINGSINGH - Winner!

  • Race: Zerg Zerg

VOD

http://www.twitch.tv/tumescentpie

Description

Time

  • Played on: Dec. 12, 2015, 11:09 p.m.
  • Length: 6:31
Show
View Real Time Build Order
Export as new Build Order

LilDicky Terran 

Build Orders:  

Get SALT Encoding   

  12  0:02  SCV  
  13  0:14  SCV  
  13  0:17  Supply Depot  
  14  0:26  SCV  
  15  0:39  SCV  
  15  0:41  Refinery  
  16  0:45  Barracks  
  16  0:51  SCV  
  17  1:03  SCV  
  18  1:15  SCV  
  19  1:27  SCV  
  19  1:32  Reaper  
  21  1:40  Command Center  
  21  1:42  SCV  
  23  1:54  SCV  
  23  1:57  Refinery  
  23  2:22  Supply Depot, Orbital Command  
  23  2:39  Factory  
  23  2:43  Marine  
  24  2:47  Refinery  
  24  2:53  Bunker, Orbital Command  
  24  2:55  SCV  
  25  3:02  Marine  
  26  3:07  SCV  
  27  3:19  SCV  
  28  3:20  Marine  
  29  3:31  SCV  
  30  3:37  SCV  
  31  3:43  SCV  
  32  3:53  SCV  
  32  3:55  SCV  
  34  4:03  Starport x3  
  34  4:04  Starport  
  34  4:05  SCV  
  34  4:07  SCV  
  37  4:12  Refinery  
  37  4:13  Widow Mine  
  38  4:18  SCV  
  38  4:19  Marine  
  40  4:26  SCV  
  41  4:39  Starport Tech Lab x3  
  41  4:40  Starport Tech Lab  
  41  4:41  SCV  
  42  4:48  Marine  
  45  5:03  Cloaking Field  
  45  5:07  Marine  
  45  5:09  Banshee x2  
  52  5:16  Banshee  
  52  5:19  Supply Depot  
  53  5:41  Banshee, SCV  
  53  5:42  SCV  
  58  5:52  Command Center  
  58  5:53  SCV  
  58  5:54  SCV  
  69  6:05  SCV  
  70  6:22  Fusion Core  
Show
View Real Time Build Order
Export as new Build Order

KINGSINGH Zerg - Winner!

Build Orders: Hatch First 

Get SALT Encoding   

  12  0:03  Drone  
  13  0:10  Drone  
  14  0:37  Hatchery, Drone  
  14  0:47  Overlord  
  14  0:54  Extractor  
  14  0:55  Drone  
  14  1:08  Spawning Pool  
  13  1:13  Drone  
  14  1:20  Drone x2  
  17  1:25  Drone  
  17  1:35  Overlord  
  17  1:47  Drone  
  18  1:59  Queen x2  
  22  2:22  Drone x5  
  27  2:23  Drone  
  28  2:34  Metabolic Boost  
  28  2:37  Overlord  
  28  2:44  Zergling x2  
  28  2:47  Drone  
  28  2:48  Drone  
  31  3:05  Queen x2  
  35  3:15  Drone x5  
  38  3:41  Drone x5  
  43  3:42  Overlord  
  43  3:56  Overlord  
  43  3:57  Overlord x2  
  43  4:04  Extractor  
  43  4:05  Extractor  
  43  4:07  Extractor  
  40  4:11  Drone x6  
  46  4:19  Hatchery  
  45  4:24  Overlord x2  
  45  4:28  Lair  
  45  4:30  Drone  
  46  4:31  Drone x3  
  46  4:36  Drone x2  
  46  4:38  Drone  
  52  4:40  Queen  
  54  4:56  Overlord  
  54  4:57  Overlord  
  54  5:00  Zergling x4  
  54  5:01  Zergling x8  
  54  5:05  Spore Crawler  
  59  5:07  Spore Crawler  
  59  5:12  Drone x2, Spore Crawler  
  59  5:24  Queen  
  61  5:28  Spore Crawler  
  61  5:34  Spore Crawler  
  59  5:42  Drone x4  
  63  5:43  Drone  
  63  5:44  Spore Crawler  
  63  5:46  Spore Crawler  
  63  5:49  Spore Crawler  
  61  5:51  Spore Crawler  
  62  6:15  Spire  
  62  6:17  Drone x3  
  62  6:18  Drone  
  65  6:20  Spore Crawler  
Tags
 
Add a new tag
Caveats
  • Supply blocks, unpowered buildings, or Contaminate may cause inaccurate times.
  • Supply counts are checked every 10 seconds.